AoeStats
← Kanyaga

Nomad

506135921Analyzed
4v4 RM · 19d ago on Sep 12, 2026· 39m 14s· 8 players
Game mode
Random Map
Map size
231×231
Population
200
Speed
Normal
Resources
Standard
Victory
Conquest
Starting age
Dark Age
Ending age
Imperial Age
RankedLock teamsTeams togetherTeam positionsShared explorationLock speedFull tech treeHidden civsTurbo modeCheats
Victory
Defeat
🇨🇳 Berbers · China
1559
+13
1529
+14
🇹🇼 Koreans · Taiwan
1508
+15
🇨🇳 Persians · China
1494
+15
🇹🇷 Mongols · Türkiye
1584
-17
🇬🇧 Dravidians · United Kingdom
1519
-16
🇹🇷 Wei · Türkiye
1503
-15
🇹🇷 Persians · Türkiye
1332
-9
Boar
9:39 Loom
12:17 Feudal Age
12:52 Double-Bit Axe
16:06 Fletching
18:45 Castle Age
19:17 Bodkin Arrow
19:48 Bow Saw
20:07 Medium Warships
19:43 Fishing Lines
19:48 Horse Collar
22:08 Heavy Plow
23:12 Wheelbarrow
24:10 Stone Mining
24:48 Gold Mining
27:53 Gold Shaft Mining
27:38 Bloodlines
28:08 Forging
28:03 Scale Barding Armor
31:19 Chain Barding Armor
32:18 Gillnets
35:28 Imperial Age
34:30 Hand Cart
34:02 Town Watch
34:57 Iron Casting
34:36 Husbandry
35:08 Cavalier
37:25 Conscription
38:06 Savar
38:24 Light Cavalry
TAG_Wayne
4:34 Loom
14:38 Feudal Age
15:18 Double-Bit Axe
15:26 Fishing Lines
18:16 Castle Age
17:27 Gold Mining
19:28 Bow Saw
21:30 Town Watch
22:02 Town Watch
22:33 Horse Collar
22:46 Gillnets
24:26 Stone Mining
24:47 Horse Collar
27:09 Fletching
27:53 Bodkin Arrow
31:18 Wheelbarrow
34:51 Imperial Age
33:14 Ballistics
34:51 Gold Shaft Mining
34:58 Stone Shaft Mining
34:32 Husbandry
36:16 Conscription
35:33 Elite War Wagon
36:31 Thumb Ring
36:29 Bracer
37:34 Chemistry
36:45 Masonry
37:07 Hand Cart
37:04 Treadmill Crane
叫我靓仔啊 扑街
3:43 Loom
14:00 Feudal Age
17:48 Castle Age
19:09 Double-Bit Axe
19:37 Fletching
20:26 Town Watch
22:00 Stone Mining
22:57 Bodkin Arrow
25:53 Wheelbarrow
39:34 Bow Saw
Bo Zhi Shang
3:40 Loom
13:20 Feudal Age
14:48 Wheelbarrow
17:02 Forging
23:07 Castle Age
22:25 Double-Bit Axe
23:55 Bloodlines
23:52 Scale Barding Armor
25:37 Chain Barding Armor
27:07 Husbandry
31:40 Light Cavalry
39:07 Iron Casting
ATABEY
4:45 Loom
15:54 Feudal Age
21:19 Castle Age
19:09 Double-Bit Axe
20:28 Fletching
21:07 Gold Mining
23:29 Horse Collar
25:48 Bow Saw
28:14 Bodkin Arrow
28:46 Heavy Plow
32:47 Padded Archer Armor
34:29 Leather Archer Armor
34:44 Ballistics
38:28 Imperial Age
Kanyaga
10:20 Loom
12:14 Feudal Age
10:34 Loom
12:50 Double-Bit Axe
12:46 Horse Collar
14:24 Gold Mining
15:03 Stone Mining
16:19 Wheelbarrow
16:25 Town Watch
20:17 Castle Age
19:17 Fletching
Roba
3:48 Loom
12:30 Feudal Age
13:11 Double-Bit Axe
13:53 Town Watch
20:58 Castle Age
19:41 Fishing Lines
22:11 Bow Saw
24:53 Wheelbarrow
23:58 Horse Collar
26:09 Fletching
35:49 Bodkin Arrow
38:05 Ballistics
[ICMW] Telepuni
5:39 Loom
13:19 Feudal Age
18:11 Castle Age
16:48 Horse Collar
17:20 Double-Bit Axe
23:18 Scale Barding Armor
24:35 Chain Barding Armor
26:06 Husbandry
26:16 Bloodlines
26:22 Bloodlines
27:22 Forging
33:36 Bow Saw
35:19 Husbandry
38:06 Iron Casting
Connection lost

Rejoining the realm…

Still unreachable

The connection could not be restored.

Session expired

The server has moved on; the page needs a fresh start.